Map: Cyber Forest LE

Players

StarFoxX - Winner!

  • Race: Protoss Protoss
  • League: Diamond
  • Spawn Location: 11:00

eXile

  • Race: Zerg Zerg
  • League: Diamond
  • Spawn Location: 5:00

VOD

Have the link to the VOD?

Description

Time

  • Played on: July 27, 2019, 2:08 p.m.
  • Length: 9:09
Show
View Real Time Build Order
Export as new Build Order

StarFoxX Protoss - Winner!

Build Orders: 1 Gate Expand, Zealot Archon, Archon Drop, Dark Templar Rush 

Get SALT Encoding   

  12  0:01  Probe  
  13  0:13  Probe  
  14  0:19  Pylon  
  14  0:25  Probe  
  15  0:35  Probe  
  15  0:41  Gateway  
  16  0:43  Probe  
  17  0:51  Probe  
  17  0:52  Assimilator  
  18  1:09  Probe  
  19  1:21  Probe  
  20  1:30  Nexus  
  20  1:40  Cybernetics Core  
  20  1:45  Probe  
  21  1:47  Assimilator  
  21  1:54  Pylon  
  21  1:59  Probe  
  22  2:06  Adept  
  22  2:11  Probe  
  23  2:17  Warp Gate  
  25  2:23  Probe  
  25  2:27  Twilight Council  
  26  2:35  Probe  
  27  2:39  Stalker  
  29  2:48  Probe  
  29  2:50  Probe  
  31  3:00  Probe  
  31  3:02  Robotics Facility, Probe  
  33  3:26  Dark Shrine, Probe  
  34  3:28  Probe  
  34  3:32  Gateway  
  35  3:35  Gateway  
  35  3:38  Probe  
  35  3:39  Gateway  
  35  3:40  Warp Prism, Probe  
  37  3:53  Probe  
  40  3:56  Assimilator  
  40  3:58  Assimilator  
  40  4:00  Probe  
  41  4:09  Probe  
  42  4:10  Pylon  
  42  4:12  Probe  
  43  4:19  Pylon  
  43  4:21  Probe  
  44  4:29  Probe  
  45  4:39  Dark Templar x4  
  53  4:57  Nexus  
  51  5:01  Pylon  
  47  5:12  Immortal  
  51  5:15  Probe x2  
  53  5:26  Shield Battery  
  53  5:27  Probe x2  
  55  5:30  Dark Templar  
  55  5:31  Dark Templar  
  59  5:43  Forge  
  59  5:44  Archon  
  59  5:45  Dark Templar  
  59  5:47  Pylon  
  59  5:48  Charge  
  61  5:50  Probe  
  61  5:52  Probe  
  63  6:01  Protoss Ground Weapons Level 1, Immortal  
  63  6:04  Archon  
  67  6:10  Adept  
  69  6:12  Zealot  
  71  6:20  Gateway  
  71  6:22  Probe x2  
  71  6:23  Probe  
  74  6:33  Dark Templar, Probe x2  
  74  6:34  Probe  
  79  6:41  Immortal, Probe x2  
  79  6:42  Probe  
  86  6:50  Probe x2  
  86  6:52  Dark Templar  
  89  7:00  Pylon  
  90  7:06  Dark Templar  
  92  7:13  Archon  
  92  7:15  Probe  
  93  7:17  Pylon  
  93  7:18  Probe  
  93  7:22  Shield Battery  
  94  7:25  Observer  
  95  7:34  Dark Templar, Gateway  
  95  7:35  Dark Templar  
  99  7:37  Gateway  
  99  7:38  Dark Templar  
  99  7:39  Archon, Gateway  
  99  7:41  Gateway  
  99  7:42  Archon  
  99  7:43  Gateway  
  101  7:55  Zealot x2  
  105  8:08  Pylon  
  105  8:10  Zealot x2, Pylon  
  109  8:17  Pylon  
  109  8:18  Pylon  
  109  8:20  Pylon  
  109  8:27  Dark Templar x2, Templar Archives  
  109  8:28  Zealot  
  109  8:29  Pylon  
  109  8:31  Archon  
  115  8:42  Zealot x3  
  115  8:43  Zealot x4  
  133  9:02  Zealot x3  
  131  9:03  Zealot x5  
Show
View Real Time Build Order
Export as new Build Order

eXile Zerg 

Build Orders: Hatch First 

Get SALT Encoding   

  12  0:01  Drone  
  13  0:13  Overlord  
  13  0:17  Drone  
  14  0:32  Drone x2  
  16  1:07  Hatchery  
  16  1:11  Drone x3  
  18  1:24  Extractor, Spawning Pool  
  16  1:28  Overlord  
  16  1:32  Drone  
  17  1:43  Drone  
  18  1:55  Drone  
  19  2:08  Drone  
  20  2:16  Queen  
  20  2:18  Queen  
  20  2:20  Zergling x4  
  26  2:30  Metabolic Boost  
  26  2:31  Hatchery  
  26  2:35  Drone  
  26  2:37  Drone  
  27  2:50  Drone  
  28  2:54  Queen  
  30  3:16  Lair  
  30  3:21  Drone x3  
  30  3:22  Roach Warren  
  30  3:24  Evolution Chamber  
  31  3:33  Overlord x2  
  31  3:45  Drone  
  31  3:46  Drone x2  
  34  3:51  Zerg Missile Weapons Level 1  
  34  3:54  Drone x2  
  36  4:15  Roach x3  
  42  4:22  Extractor  
  41  4:34  Overlord x2  
  41  4:39  Overseer  
  41  4:45  Overseer  
  40  5:12  Drone  
  40  5:13  Drone x8  
  49  5:15  Roach x3  
  55  5:23  Hatchery  
  54  5:32  Extractor  
  54  5:33  Extractor  
  52  5:46  Roach x2  
  52  5:47  Roach  
  58  5:59  Extractor  
  58  6:00  Roach  
  58  6:02  Overlord  
  59  6:11  Overlord  
  59  6:19  Queen  
  59  6:21  Zergling x4  
  59  6:22  Zergling x6  
  59  6:23  Zergling x2  
  59  6:25  Overlord x2  
  67  6:28  Overlord  
  67  6:29  Zerg Missile Weapons Level 2  
  67  6:35  Overseer  
  67  6:38  Queen  
  69  6:46  Roach x2  
  69  6:47  Roach  
  75  6:55  Queen  
  75  6:57  Drone  
  75  6:58  Drone x4  
  67  7:15  Drone x6  
  73  7:18  Glial Reconstitution  
  73  7:23  Drone x3  
  73  7:24  Evolution Chamber  
  75  7:37  Overseer  
  75  7:46  Roach x6  
  75  7:47  Roach  
  89  8:03  Ravager x3, Zergling x2  
  89  8:04  Zergling x6  
  96  8:05  Overlord x2  
  96  8:26  Zergling x8  
  96  8:27  Zergling x12  
  106  8:37  Overlord x2  
  106  8:44  Hydralisk Den  
  105  8:50  Overlord x2  
Tags
 
Add a new tag
Caveats
  • Supply blocks, unpowered buildings, or Contaminate may cause inaccurate times.
  • Supply counts are checked every 10 seconds.